 Dungeon Crawl Stone Soup version 0.29-a0-923-g6e406bff71 (webtiles) character file.

Game seed: 13967113140339723850

10 Locuples the Sneak (level 2, 0/22 HPs)
             Began as a Demonspawn Brigand on July 28, 2022.
             Frozen to death by an endoplasm (5 damage)
             ... on level 1 of the Dungeon.
             The game lasted 00:01:22 (581 turns).

Locuples the Sneak (Demonspawn Brigand)              Turns: 581, Time: 00:01:23

Health: 0/22       AC:  3    Str: 11    XL:     2   Next: 10%
Magic:  2/2        EV: 12    Int: 12    God:
Gold:   32         SH:  0    Dex: 14    Spells: 1/1 levels left

rFire   . . .      SeeInvis .   a - +2 dagger
rCold   . . .      Faith    .   (no shield)
rNeg    . . .      Spirit   .   b - +0 robe
rPois   .          Reflect  .   (no helmet)
rElec   .          Harm     .   c - +0 cloak
rCorr   .          Rampage  .   (no gloves)
Will    .....                   (no boots)
Stlth   +++.......              (no amulet)
HPRegen 0.07/turn               (no ring)
MPRegen 0.08/turn               (no ring)

@: no status effects
A: foul stench 1
a: no special abilities


You were on level 1 of the Dungeon.
You visited 1 branch of the dungeon, and saw 1 of its levels.

You collected 32 gold pieces.

Inventory:

Hand Weapons
 a - a +2 dagger (weapon)
Missiles
 d - 9 poisoned darts (quivered)
 e - 3 curare-tipped darts
Armour
 b - a +0 robe (worn)
 c - a +0 cloak (worn)
Scrolls
 g - a scroll of butterflies {unknown}
Potions
 f - a potion of lignification {unknown}


   Skills:
 + Level 2.1 Fighting
 + Level 1.8 Short Blades
 - Level 1.7 Throwing
 + Level 1.1 Dodging
 + Level 4.0 Stealth


You had one spell level left.
You didn't know any spells.
Your spell library contained the following spells:

 Spells                   Type           Power      Damage    Failure   Level
 Static Discharge         Conj/Air       0%         3-3/arc   45%         2
 Dispel Undead            Necr           0%         3d6       97%         4
 Sticky Flame             Conj/Fire      0%         2d3       97%         4


Dungeon Overview and Level Annotations

Branches:
Dungeon (1/15)

Altars:


Innate Abilities, Weirdness & Mutations

You may rarely emit foul miasma when damaged in melee.


Message History

You kill the frilled lizard!
The quokka bites you. The giant cockroach misses you.
You hit the giant cockroach.
The giant cockroach is almost dead.
The hobgoblin misses you.
The quokka bites you but does no damage.
The giant cockroach closely misses you.
You hit the giant cockroach but do no damage.
The giant cockroach is almost dead.
The quokka misses you.
The hobgoblin hits you but does no damage.
The giant cockroach bites you but does no damage.
You barely miss the giant cockroach.
The giant cockroach is almost dead.
The giant cockroach misses you. The quokka bites you.
The hobgoblin barely misses you.
You hit the giant cockroach.
You kill the giant cockroach!
The quokka bites you. The hobgoblin misses you.
Your Stealth skill increases to level 4!
You have reached level 2!
Your demonic ancestry asserts itself...
You begin to emit a foul stench of rot and decay.
You hit the hobgoblin.
You kill the hobgoblin!
The quokka bites you but does no damage.
The endoplasm closely misses you.
Sorry, you're not good enough to have a special ability.
You hit the quokka.
The quokka is almost dead.
The quokka misses you. The endoplasm freezes you.
You are frozen.
* * * LOW HITPOINT WARNING * * *
You hit the quokka but do no damage.
The quokka is almost dead.
The quokka completely misses you. The endoplasm freezes you.
You are frozen.
You die...

##......######...
..b
#...................
#.......###.......$.
#.......###.........
#..................
###............#.##
#....†...........
#......J.....#
#.....@†.....#
#......r.....#
#....>.........?..
#............#.###
#######...##.....
##### #..... ####


You could see an endoplasm and a quokka.

Vanquished Creatures
  An endoplasm (D:1)
  A giant cockroach (D:1)
  2 hobgoblins (D:1)
  A kobold (D:1)
  A quokka (D:1)
  A bat (D:1)
  A frilled lizard (D:1)
  A rat (D:1)
  3 butterflies (D:1)
12 creatures vanquished.

Vanquished Creatures (others)
  17 plants (D:1)
17 creatures vanquished.

Grand Total: 29 creatures vanquished

Notes
Turn   | Place    | Note
-------+----------+-------------------------------------------
     0 | D:1      | Locuples the Demonspawn Brigand began the quest for the
                  | Orb.
     0 | D:1      | Reached XP level 1. HP: 16/16 MP: 1/1
   100 | D:1      | Reached skill level 1 in Dodging
   579 | D:1      | Reached skill level 4 in Stealth
   579 | D:1      | Gained mutation: You may rarely emit foul miasma when
                  | damaged in melee. [demonic ancestry]
   579 | D:1      | Reached XP level 2. HP: 9/22 MP: 2/2
   581 | D:1      | Frozen to death by an endoplasm

Illustrated notes

Levels and vault maps discovered:
D:1:      spicycebolla_arrival_clurvy, layout_rooms, minmay_surrounded

Skill      XL: |  1 |
---------------+----+-----
Dodging        | 1 |  1.1
Stealth        | 4 |  4.0
Fighting       | |  2.1
Short Blades   | |  1.8
Throwing       | |  1.7

Action                   || total
-------------------------++-------
Melee: Dagger            ||    69
 Stab: Sleeping          ||     2
Armor: Robe              ||    11
Dodge: Dodged            ||    25

Table legend: (Time is in decaauts)
 A = Elapsed time spent in this place.
 B = Non-inter-level travel time spent in this place.
 C = Inter-level travel time spent in this place.
 D = Time resting spent in this place.
 E = Time spent auto-exploring this place.
 F = Levels seen in this place.
 G = Mean time per level.
                   A        B        C        D        E       F      G
               +--------+--------+--------+--------+--------+-----+--------+
         Total |    575 |    575 |      0 |     18 |    413 |   1 |  575.0 |
       Dungeon |    575 |    575 |      0 |     18 |    413 |   1 |  575.0 |
               +--------+--------+--------+--------+--------+-----+--------+

Top non-repeatable levels by time:
     D:1: 575 daAuts
